 Dungeon Crawl Stone Soup version 0.27-a0-931-g5a74e75d8f (webtiles) character file.

Game seed: 12061828185111350593

3665 srzhan31 the Thaumaturge (level 10, -11/63 HPs)
             Began as a Djinni Earth Elementalist on Apr 10, 2021.
             Was a Believer of Makhleb.
             Killed from afar by Harold (15 damage)
             ... with a harpoon shot
             ... on level 8 of the Dungeon.
             The game lasted 00:16:20 (6255 turns).

srzhan31 the Thaumaturge (DjEE)                     Turns: 6255, Time: 00:16:20

Health: -11/63     AC:  5    Str:  7    XL:     10   Next: 12%
Gold:   335        EV: 10    Int: 21    God:    Makhleb [**....] SH:  8 Dex: 13

rFire    + + .     SeeInvis .   (no weapon)
rCold    . . .     Faith    .   i - +0 kite shield
rNeg     . . .     Spirit   .   A - +2 leather armour {rC+}
rPois    ∞         Reflect  .   (no helmet)
rElec    .         Harm     .   (no cloak)
rCorr    .         Rampage  .   (no gloves)
Will     +....                  (boots unavailable)
Stlth    ++........             b - amulet of regeneration
HPRegen  1.20/turn              (no ring)
MPRegen  0.00/turn              (no ring)

@: flying, very slightly contaminated
A: fire resistance 2, cold vulnerability 1, float, innate caster, hp casting,
extra vitality 1
a: Renounce Religion, Minor Destruction


You were on level 8 of the Dungeon.
You worshipped Makhleb.
Makhleb was pleased with you.
You visited 2 branches of the dungeon, and saw 9 of its levels.
You also visited: Sewer.

You collected 335 gold pieces.

Inventory:

Hand Weapons
 c - a +0 dagger
Missiles
 l - 115 stones
 m - 2 throwing nets
 y - a curare-tipped dart
Armour
 i - a +0 kite shield (worn)
 A - a +2 leather armour of cold resistance (worn)
Magical Staves
 k - a staff of fire
Jewellery
 b - an amulet of regeneration (around neck)
Wands
 g - a wand of flame (19)
 u - a wand of iceblast (6)
 z - a wand of digging (6)
Scrolls
 a - a scroll of identify
 d - 4 scrolls of magic mapping
 h - 3 scrolls of fear
 j - 4 scrolls of teleportation
 o - 2 scrolls of enchant armour
 q - 4 scrolls of blinking
 s - a scroll of amnesia {unknown}
 w - a scroll of silence {unknown}
 x - 2 scrolls of fog
Potions
 e - 2 potions of mutation {unknown}
 f - 3 potions of curing {unknown}
 n - a potion of degeneration {unknown}
 p - a potion of berserk rage {unknown}
 r - a potion of brilliance {unknown}
 t - a potion of might {unknown}
 v - a potion of lignification {unknown}


   Skills:
 + Level 1.4 Fighting
 * Level 3.9 Armour
 * Level 4.7 Dodging
 - Level 1.6 Stealth
 * Level 3.2 Shields
 * Level 10.3 Spellcasting
 * Level 3.4 Evocations


You had 5 spell levels left.
You knew the following spells:

 Your Spells              Type           Power      Damage    Failure   Level
a - Sandblast             Erth           100%       2d20      1%          1
b - Passwall              Tmut/Erth      43%        N/A       1%          2
c - Stone Arrow           Conj/Erth      100%       3d13      1%          3
d - Petrify               Tmut/Erth      52%        N/A       6%          4
e - Lee's Rapid Deconstr  Erth           26%        3d15*     17%         5
f - Apportation           Tloc           100%       N/A       1%          1
g - Ensorcelled Hibernat  Hex/Ice        100%       N/A       1%          2
h - Slow                  Hex            52%        N/A       1%          2
i - Animate Armour        Summ/Erth      100%       N/A       6%          4
Your spell library was empty.

Dungeon Overview and Level Annotations

Branches:
Dungeon (8/15)             Temple (1/1) D:6           Sewer (visited)
   Lair: D:8-11

Altars:
Ashenzari
Cheibriados
Elyvilon
Makhleb
Nemelex Xobeh
Zin

Shops:
D:3 (   D:8 *

Annotations:
D:8 Harold


Innate Abilities, Weirdness & Mutations

You are immune to poison.
Your flesh is very heat resistant. (rF++)
You are vulnerable to cold. (rC-)
You float through the air rather than walking.
You learn spells naturally, not from books.
Your magical power is your life essence.
You have superior vitality. (+4 HP)


Message History

Confirm with . or Enter, or press ? or * to list all spells.
Aiming: Petrify (dangerous; 6% risk of failure)
Press: ? - help, Shift-Dir - straight line, f/p - Harold
Aim: Harold, wielding a +0 long sword, wearing a +0 chain mail and quivering a throwing net (lightly wounded, fast, chance to affect: 38%) Harold resists with some effort.
Harold hits you but does no damage.
Casting: Petrify (dangerous; 6% risk of failure)
Confirm with . or Enter, or press ? or * to list all spells.
Aiming: Petrify (dangerous; 6% risk of failure)
Press: ? - help, Shift-Dir - straight line, f/p - Harold
Aim: Harold, wielding a +0 long sword, wearing a +0 chain mail and quivering a throwing net (lightly wounded, fast, chance to affect: 38%) Harold resists with some effort.
Harold hits you with a +0 long sword. x2
Casting: Petrify (dangerous; 6% risk of failure)
Confirm with . or Enter, or press ? or * to list all spells.
Aiming: Petrify (dangerous; 6% risk of failure)
Press: ? - help, Shift-Dir - straight line, f/p - Harold
Aim: Harold, wielding a +0 long sword, wearing a +0 chain mail and quivering a throwing net (lightly wounded, fast, chance to affect: 38%) Harold resists with some effort.
Harold hits you with a +0 long sword. Harold barely misses you.
Casting: Petrify (dangerous; 6% risk of failure)
Confirm with . or Enter, or press ? or * to list all spells.
Aiming: Petrify (dangerous; 6% risk of failure)
Press: ? - help, Shift-Dir - straight line, f/p - Harold
Aim: Harold, wielding a +0 long sword, wearing a +0 chain mail and quivering a throwing net (lightly wounded, fast, chance to affect: 38%) Harold resists with some effort.
Harold hits you with a +0 long sword. Harold hits you with a +0 long sword!
Your magical contamination has completely faded away.
Casting: Petrify (dangerous; 6% risk of failure)
Confirm with . or Enter, or press ? or * to list all spells.
Aiming: Petrify (dangerous; 6% risk of failure)
Press: ? - help, Shift-Dir - straight line, f/p - Harold
Aim: Harold, wielding a +0 long sword, wearing a +0 chain mail and quivering a throwing net (lightly wounded, fast, chance to affect: 38%)
You miscast Petrify.
You are very lightly contaminated with residual magic.
Nothing appears to happen.
* * * LOW HITPOINT WARNING * * *
Harold hits you with a +0 long sword!
* * * LOW HITPOINT WARNING * * *
Harold fires a harpoon shot at you. The harpoon shot hits you!
You die...

###.##.# .# #.# #.##.#
.# #.# ###>##.# #.#
#...##.# #.#
#.####.##.####### # #.#
#.##.......###.###
##.####.########@.......
.....................###
.........#######@#####
#.#####..# #.# #.# #..#
#.. #.# #..# #.## #.#
#..# #.# #.#####..# #<#
#........# #..
#######.## ### ).......#


You could see Harold (fast).

Vanquished Creatures
  2 two-headed ogres (D:8)
  A shadow (D:8)
  A steam dragon (D:7)
  Menkaure (D:6)
  2 water moccasins
  Purgy (Sewer)
  An orc warrior (D:7)
  A sky beast (D:6)
  An ice beast (D:6)
  A necrophage (D:8)
  A phantom (D:6)
  2 kobold brigands (D:7)
  2 wyvern zombies
  4 wights (D:7)
  A howler monkey (D:8)
  A centaur skeleton (D:5)
  3 hounds
  A jelly (D:6)
  A bullfrog skeleton (D:7)
  5 orc priests
  Jessica (D:2)
  9 orc wizards
  A hound skeleton (D:5)
  3 gnolls (D:4)
  A howler monkey skeleton (D:7)
  6 adders
  A shadow imp (D:5)
  A white imp (D:5)
  3 ufetubi
  A worm (D:2)
  A dart slug (D:2)
  24 orcs
  9 endoplasms
  12 giant cockroaches
  9 goblins
  4 hobgoblins
  6 jackals
  14 kobolds
  5 quokkas
  A ball python (D:3)
  4 bats
  5 frilled lizards
  6 rats
160 creatures vanquished.

Vanquished Creatures (collateral kills)
  An orc (D:8)
1 creature vanquished.

Vanquished Creatures (others)
  2 fungi (D:2)
  12 plants
14 creatures vanquished.

Grand Total: 175 creatures vanquished

Notes
Turn   | Place    | Note
-------+----------+-------------------------------------------
     0 | D:1      | srzhan31 the Djinni Earth Elementalist began the quest for
                  | the Orb.
     0 | D:1      | Reached XP level 1. HP: 15/15 MP: 0/0
   271 | D:1      | Reached skill level 3 in Spellcasting
   317 | D:1      | Reached XP level 2. HP: 19/21 MP: 0/0
  1128 | D:1      | Reached XP level 3. HP: 24/25 MP: 0/0
  1128 | D:1      | Learned a level 1 spell: Apportation
  1534 | D:2      | Noticed Jessica
  1540 | D:2      | Killed Jessica
  1541 | D:2      | Reached XP level 4. HP: 14/31 MP: 0/0
  1745 | D:2      | Found a broken altar of Ashenzari.
  1868 | D:2      | Reached skill level 1 in Armour
  2022 | D:2      | Found a faded altar of an unknown god.
  2219 | D:3      | Found Luuq's Antique Weapon Boutique.
  2236 | D:3      | Reached skill level 4 in Spellcasting
  2562 | D:3      | Found a glowing silver altar of Zin.
  2847 | D:3      | Reached XP level 5. HP: 33/35 MP: 0/0
  2847 | D:3      | Learned a level 2 spell: Ensorcelled Hibernation
  3607 | D:4      | Identified the -5 helmet of Liberalism {Rampage rF+ Dex+4}
  3627 | D:5      | Entered Level 5 of the Dungeon
  3689 | D:5      | Reached XP level 6. HP: 34/40 MP: 0/0
  3701 | D:5      | Reached skill level 5 in Spellcasting
  3707 | D:5      | Found a glowing drain.
  3723 | Sewer    | Entered a sewer
  3739 | Sewer    | Noticed Purgy
  3745 | Sewer    | Killed Purgy
  3847 | Sewer    | Reached skill level 1 in Shields
  4580 | D:5      | Reached skill level 1 in Evocations
  4763 | D:6      | Noticed Menkaure
  4765 | D:6      | Killed Menkaure
  4766 | D:6      | Reached XP level 7. HP: 41/45 MP: 0/0
  4766 | D:6      | Learned a level 2 spell: Slow
  4770 | D:6      | Reached skill level 6 in Spellcasting
  4854 | D:6      | Found a staircase to the Ecumenical Temple.
  4872 | Temple   | Entered the Ecumenical Temple
  4894 | Temple   | Became a worshipper of Makhleb the Destroyer
  5007 | D:6      | Reached XP level 8. HP: 47/51 MP: 0/0
  5051 | D:6      | Reached skill level 7 in Spellcasting
  5347 | D:7      | Reached skill level 1 in Fighting
  5382 | D:7      | Reached skill level 8 in Spellcasting
  5388 | D:7      | Reached * piety under Makhleb
  5396 | D:7      | Reached XP level 9. HP: 44/57 MP: 0/0
  5396 | D:7      | Learned a level 4 spell: Animate Armour
  5971 | D:8      | Noticed a two-headed ogre
  5979 | D:8      | Killed a two-headed ogre
  5980 | D:8      | Reached skill level 9 in Spellcasting
  6023 | D:8      | Noticed a two-headed ogre
  6035 | D:8      | Killed a two-headed ogre
  6036 | D:8      | Reached skill level 10 in Spellcasting
  6036 | D:8      | Reached XP level 10. HP: 57/63 MP: 0/0
  6121 | D:8      | Found Caixtaw's General Store.
  6187 | D:8      | Reached ** piety under Makhleb
  6243 | D:8      | Noticed Harold
  6254 | D:8      | HP: 3/63 [Harold/+0 long sword (13)]
  6255 | D:8      | Killed from afar by Harold

Illustrated notes

Levels and vault maps discovered:
D:1:      dpeg_arrival_round_b, layout_basic, kennysheep_small_spiral,
          chequers_big_river
D:2:      layout_rooms, basic_altar, shapermc_ecumenical_altar_hornbeckon,
          chequers_serial_rivers_marsh, uniq_jessica
D:3:      layout_loops_ring, zin_treasury, serial_shops,
          nicolae_shop_behind_doors
D:4:      layout_basic, grunt_ministairs_4
D:5:      layout_basic, gup_sewer_entry_pipe
D:6:      layout_gridville, minmay_temple_entry_slanted, uniq_menkaure
D:7:      layout_basic, wad_floor_pattern_untrapped
D:8:      layout_loops_ring, dpeg_oklobed_lair, serial_shops, shop, uniq_harold
Temple:   roderic_octagonal_lattice_temple

Skill      XL: |  1  2  3  4  5  6  7  8  9 |
---------------+----------------------------+-----
Spellcasting   | 3 4 5 6 8 10 | 10.3
Armour         | 1 2 3 |  3.9
Dodging        | 3 4 |  4.7
Shields        | 1 2 3 |  3.2
Evocations     | 1 2 3 |  3.4
Fighting       | 1 |  1.4
Stealth        | |  1.6

Action                   |  1- 3 |  4- 6 |  7- 9 | 10-12 || total
-------------------------+-------+-------+-------+-------++-------
 Cast: Sandblast         |    47 |    50 |    13 |     2 ||   112
       Stone Arrow       |       |    68 |    82 |    12 ||   162
       Slow              |       |       |     1 |       ||     1
       Animate Armour    |       |       |     1 |       ||     1
       Petrify           |       |       |       |     7 ||     7
  Use: Scroll            |       |     5 |     3 |       ||     8
Armor: Robe              |     3 |     2 |       |       ||     5
       Leather armour    |       |       |       |     2 ||     2
Dodge: Dodged            |    13 |    19 |    11 |     2 ||    45
Block: Kite shield       |       |       |     6 |     1 ||     7

Table legend: (Time is in decaauts)
 A = Elapsed time spent in this place.
 B = Non-inter-level travel time spent in this place.
 C = Inter-level travel time spent in this place.
 D = Time resting spent in this place.
 E = Time spent auto-exploring this place.
 F = Levels seen in this place.
 G = Mean time per level.
                   A        B        C        D        E       F      G
               +--------+--------+--------+--------+--------+-----+--------+
         Total |   6252 |   6002 |    250 |      0 |   5034 |  10 |  625.2 |
       Dungeon |   6019 |   5787 |    232 |      0 |   4862 |   8 |  752.4 |
        Temple |     67 |     49 |     18 |      0 |     47 |   1 |   67.0 |
         Sewer |    165 |    165 |      0 |      0 |    125 |   1 |  165.0 |
               +--------+--------+--------+--------+--------+-----+--------+

Top non-repeatable levels by time:
     D:1: 1205 daAuts
     D:2: 991 daAuts
     D:5: 956 daAuts
     D:3: 839 daAuts
     D:7: 696 daAuts
     D:4: 589 daAuts
     D:6: 447 daAuts
     D:8: 293 daAuts
   Sewer: 165 daAuts
  Temple: 67 daAuts
